 Dungeon Sprint DCSS version 0.30-a0-311-gf115ab0292 (webtiles) character file.

Game seed: 12199011723237128989

1082 rocky1 the Grappler (level 8, -2/115 HPs)
             Began as a Green Draconian Transmuter on Oct 26, 2022.
             Was an Initiate of Gozag.
             Slain by an orc warrior
             ... wielding a +0 dire flail
              (12 damage)
             ... in the Dungeon (Sprint IX: "|||||||||||||||||||||||||||||").
             The game lasted 00:01:50 (148 turns).

rocky1 the Grappler (Green Draconian Transmuter)     Turns: 148, Time: 00:01:51

Health: -2/115     AC: 24    Str: 12    XL:     8   Next: 8%
Magic:  11/11      EV:  2    Int: 17    God:    Gozag
Gold:   0          SH:  0    Dex: 11    Spells: 10/11 levels left

rFire   . . .      SeeInvis .      - Unarmed
rCold   . . .      Faith    .    (no shield)
rNeg    . . .      Spirit   .    (body armour unavailable)
rPois   +          Reflect  .    (helmet currently unavailable)
rElec   .          Harm     .    (cloak currently unavailable)
rCorr   .          Rampage  .    (gloves currently unavailable)
Will    .....      NoTele   +    (boots currently unavailable)
Stlth   +.........               (no amulet)
HPRegen 0.39/turn                (no ring)
MPRegen 0.12/turn                (no ring)

@: tree-form, gold aura
A: stationary, stasis, torment immunity, boosted hp, (breathe noxious fumes), AC
+6, unfitting armour, (poison resistance), (cold-blooded)
a: Renounce Religion, Potion Petition, Call Merchant, Bribe Branch


You were in the Dungeon.
You worshipped Gozag.
Gozag was noncommittal.
You were a tree.
You visited 1 branch

Inventory:

Armour
 j - a +0 pair of boots
 k - a +0 cloak
Jewellery
 l - a +2 ring of evasion
 m - a +3 ring of strength
Wands
 i - a wand of acid (10)
Scrolls
 g - 2 scrolls of blinking
 h - 2 scrolls of amnesia
Potions
 b - a potion of invisibility
 c - a potion of heal wounds
 d - a potion of haste
 e - 4 potions of magic
 f - 4 potions of curing


   Skills:
 + Level 8.8 Fighting
 + Level 7.6 Dodging
 * Level 11.6 Unarmed Combat
 - Level 2.0 Spellcasting
 + Level 8.3 Transmutations


You had 10 spell levels left.
You knew the following spells:

 Your Spells              Type           Power      Damage    Failure   Level
a - Beastly Appendage     Tmut           60%        N/A       1%          1

Your spell library contained the following spells:

 Spells                   Type           Power      Damage    Failure   Level
 Wereblood                Tmut           30%        N/A       1%          2
 Spider Form              Tmut/Pois      15%        N/A       11%         3
 Ice Form                 Ice/Tmut       15%        N/A       34%         4


Dungeon Overview and Level Annotations

Branches:
Dungeon (1/1)

Altars:
Cheibriados
Dithmenos
Elyvilon
Fedhas
Gozag
Hepliaklqana
Kikubaaqudgha
Makhleb
Nemelex Xobeh
Okawaru
Qazlal
Ru
Sif Muna
Trog
Uskayaw
Vehumet
Wu Jian
Xom
Yredelemnul
Zin
The Shining One
Jiyva
Lugonu


Innate Abilities, Weirdness & Mutations

You are a tree.
Your roots penetrate the ground, keeping you stationary.
You cannot be teleported.
You are immune to unholy pain and torment.
Your maximum health is greatly increased.
Your equipment is partially melded.
((You can breathe blasts of noxious fumes.))
((Your lurid green scales are hard. (AC +6)))
You cannot fit into any form of body armour.
((Your system is resistant to poisons. (rPois)))
((You are cold-blooded and may be slowed by cold attacks.))


Message History

You completely miss the komodo dragon.
The komodo dragon bites you but does no damage.
The orc warrior shouts!
You smack the komodo dragon!
The komodo dragon is moderately wounded.
The komodo dragon bites you.
You hit the komodo dragon but do no damage.
The komodo dragon is moderately wounded.
The orc warrior is no longer distracted by gold.
You hit the komodo dragon. You punch the komodo dragon.
The komodo dragon is heavily wounded.
The komodo dragon bites you!!
* * * LOW HITPOINT WARNING * * *
The orc warrior is distracted by your dazzling golden aura.
You pummel the komodo dragon!!
You kill the komodo dragon!
Your Transmutations skill increases to level 8!
You have reached level 8!
You feel clever.
Unknown command.
The orc warrior is no longer distracted by gold.
You barely miss the orc warrior.
The orc warrior hits you with a +0 dire flail.
* * * LOW HITPOINT WARNING * * *
You hit the orc warrior.
The orc warrior is moderately wounded.
You hit the orc warrior.
You punch the orc warrior, but do no damage.
The orc warrior is moderately wounded.
The orc warrior hits you but does no damage.
You smack the orc warrior!
You punch the orc warrior, but do no damage.
The orc warrior is severely wounded.
The orc warrior hits you with a +0 dire flail!
* * * LOW HITPOINT WARNING * * *
You hit the orc warrior but do no damage.
The orc warrior is severely wounded.
The orc warrior hits you with a +0 dire flail!
You die...
Your body crumbles into a pile of gold. ▓▓▓▓▓▓▓▓▓▓▓▓▓▓▓▓▓▓▓▓▓▓▓▓ ......o♣.[...)..'_______ ▓▓▓▓▓▓▓▓▓▓▓▓▓▓▓▓▓▓▓▓▓▓▓▓ $ $$$$$ $ $ $ $$$$$ $$$$$$

You could see an orc warrior.

Vanquished Creatures
  2 komodo dragons (D)
  A hornet (D)
  An orc warrior (D)
  A centaur (D)
  2 phantoms (D)
  A scorpion (D)
  A dart slug (D)
  A worm (D)
  A bat (D)
  A hobgoblin (D)
  A jackal (D)
  2 goblins (D)
15 creatures vanquished.

Notes
Turn   | Place    | Note
-------+----------+-------------------------------------------
     0 | D        | rocky1 the Draconian Transmuter began the quest for the
                  | Orb.
     0 | D        | Reached XP level 1. HP: 16/16 MP: 3/3
    19 | D        | Noticed a phantom
    19 | D        | Noticed a phantom
    19 | D        | Noticed a scorpion
    22 | D        | Reached XP level 2. HP: 25/25 MP: 3/5
    27 | D        | Killed a scorpion
    28 | D        | Reached skill level 5 in Unarmed Combat
    28 | D        | Reached XP level 3. HP: 33/33 MP: 3/6
    33 | D        | Killed a phantom
    34 | D        | Reached skill level 5 in Fighting
    34 | D        | Reached skill level 6 in Unarmed Combat
    34 | D        | Reached XP level 4. HP: 42/42 MP: 4/7
    34 | D        | Reached XP level 5. HP: 48/48 MP: 4/8
    37 | D        | Killed a phantom
    38 | D        | Reached skill level 5 in Dodging
    38 | D        | Reached skill level 7 in Unarmed Combat
    38 | D        | Reached skill level 5 in Transmutations
    42 | D        | Found a snail-covered altar of Cheibriados.
    42 | D        | Found a shadowy altar of Dithmenos.
    42 | D        | Found a white marble altar of Elyvilon.
    42 | D        | Found a blossoming altar of Fedhas.
    42 | D        | Found an opulent altar of Gozag.
    43 | D        | Found a hazy altar of Hepliaklqana.
    44 | D        | Found a viscous altar of Jiyva.
    45 | D        | Found an ancient bone altar of Kikubaaqudgha.
    46 | D        | Found a corrupted altar of Lugonu.
    47 | D        | Found a burning altar of Makhleb.
    48 | D        | Found a sparkling altar of Nemelex Xobeh.
    49 | D        | Found an iron altar of Okawaru.
    50 | D        | Became a worshipper of Gozag Ym Sagoz the Greedy
    75 | D        | Found a stormy altar of Qazlal.
    76 | D        | Found a sacrificial altar of Ru.
    77 | D        | Found a shimmering blue altar of Sif Muna.
    78 | D        | Found a bloodstained altar of Trog.
    79 | D        | Found a hide-covered altar of Uskayaw.
    80 | D        | Found a radiant altar of Vehumet.
    81 | D        | Found an ornate altar of the Wu Jian Council.
    82 | D        | Found a shimmering altar of Xom.
    83 | D        | Found a basalt altar of Yredelemnul.
    84 | D        | Found a glowing silver altar of Zin.
    85 | D        | Found a glowing golden altar of the Shining One.
   113 | D        | Noticed an orc warrior
   113 | D        | Noticed a komodo dragon
   113 | D        | Noticed an orc warrior
   113 | D        | Noticed a centaur
   113 | D        | Noticed a hornet
   113 | D        | Noticed a komodo dragon
   120 | D        | Killed a komodo dragon
   121 | D        | Reached skill level 9 in Unarmed Combat
   121 | D        | Reached XP level 6. HP: 18/60 MP: 9/9
   125 | D        | Killed a hornet
   126 | D        | Reached skill level 10 in Unarmed Combat
   126 | D        | Your scales start taking on a lurid green colour.
   126 | D        | Reached XP level 7. HP: 23/67 MP: 10/10
   126 | D        | Gained mutation: Your system is resistant to poisons.
                  | (rPois) [Green Draconian growth]
   135 | D        | Reached skill level 11 in Unarmed Combat
   142 | D        | Killed a komodo dragon
   143 | D        | Reached XP level 8. HP: 25/77 MP: 11/11
   148 | D        | Slain by an orc warrior

Illustrated notes

Levels and vault maps discovered:
D:        linesprint [early_d, line_temple, items_1, d_10, items_2, lair_1,
          lair_end, items_3, orc_1, orc_end, items_4, d_15, swamp_1, shoals_1,
          snake_1, spider_1, d_20, vaults_1, items_5, swamp_end, shoals_end,
          snake_end, spider_end, vaults_end, d_27, items_6, zot_1, zot_end,
          crypt_end, forest_end, elf_end, slime_end, tomb_end, abyss_end,
          pan_hell_end]

Skill      XL: |  1  2  3  4  5  6  7 |
---------------+----------------------+-----
Dodging        | 2 3 4 6 7 |  7.6
Fighting       | 2 3 5 7 8 |  8.8
Unarmed Combat | 5 6 9 10 11 | 11.6
Transmutations | 4 6 7 8 |  8.3
Spellcasting   | |  2.0

Action                   |  1- 3 |  4- 6 |  7- 9 || total
-------------------------+-------+-------+-------++-------
Melee: Unarmed           |    16 |    15 |    16 ||    47
       Kick              |     4 |     1 |       ||     5
       Headbutt          |     2 |       |       ||     2
       Punch             |     1 |     2 |     4 ||     7
       Tailslap          |     1 |     1 |       ||     2
 Cast: Beastly Appendage |     2 |       |       ||     2
  Use: Potion            |     2 |     2 |     1 ||     5
 Stab: Distracted        |       |     1 |       ||     1
Armor: Skin              |     3 |     4 |     4 ||    11
Dodge: Dodged            |     7 |     1 |     1 ||     9

Table legend: (Time is in decaauts)
 A = Elapsed time spent in this place.
 B = Non-inter-level travel time spent in this place.
 C = Inter-level travel time spent in this place.
 D = Time resting spent in this place.
 E = Time spent auto-exploring this place.
 F = Levels seen in this place.
 G = Mean time per level.
                   A        B        C        D        E       F      G
               +--------+--------+--------+--------+--------+-----+--------+
         Total |    154 |    154 |      0 |     36 |      0 |   1 |  154.0 |
       Dungeon |    154 |    154 |      0 |     36 |      0 |   1 |  154.0 |
               +--------+--------+--------+--------+--------+-----+--------+

Top non-repeatable levels by time:
       D: 154 daAuts
